 Dungeon Crawl Stone Soup version 0.31.0-9-g3a7656b989 (webtiles) character file.

Game seed: 14098458871652998771

70 Heoruswealwe the Ruffian (level 3, -13/29 HPs)
             Began as a Demigod Shapeshifter on Feb 1, 2024.
             Mangled by a small abomination (21 damage)
             ... on level 1 of the Abyss.
             The game lasted 00:12:15 (1302 turns).

Heoruswealwe the Ruffian (Demigod Shapeshifter)     Turns: 1302, Time: 00:12:16

Health: -13/29     AC:  2    Str: 19    XL:     3   Next: 77%
Magic:  5/5        EV: 17    Int: 12    God:
Gold:   76         SH:  0    Dex: 13    Spells: 2/2 levels left

rFire   . .          .
                       - Unarmed
rCold   . . .        (no shield)
rNeg    . . .        c - +0 animal skin
rPois   .            (helmet currently unavailable)
rElec   .            (cloak currently unavailable)
rCorr   .            (gloves currently unavailable)
SInv    .            (boots currently unavailable)
Will    .....        (no amulet)
Stlth   +            k - +5 ring of evasion
HPRegen 0.24/turn    (no ring)
MPRegen 0.09/turn

%: no passive effects
@: beast-form
A: beast (slay +1), high MP 1, forlorn, divine attributes
a: Begin Untransformation


You were on level 1 of the Abyss.
You were a hulking beast.
You visited 1 branch of the dungeon, and saw 2 of its levels.
You visited the Abyss 1 time.

You collected 76 gold pieces.

Inventory:

Armour
 c - a +0 animal skin (worn)
Jewellery
 k - a +5 ring of evasion (left hand)
Talismans
 l - a beast talisman
 m - a flux talisman
Scrolls
 a - a scroll of revelation {unknown}
 e - 4 scrolls of identify {unknown}
 g - a scroll of enchant armour {unknown}
 h - a scroll of fog {unknown}
 i - a scroll of silence {unknown}
 j - 2 scrolls of poison {unknown}
Potions
 b - a potion of lignification
 d - a potion of ambrosia {unknown}
 f - a potion of degeneration {unknown}
 n - a potion of mutation {unknown}


   Skills:
 + Level 1.8 Fighting
 + Level 2.3 Dodging
 + Level 3.2 Unarmed Combat
 + Level 3.1 Shapeshifting


You had 2 spell levels left.
You didn't know any spells.
Your spell library was empty.

Dungeon Overview and Level Annotations

Branches:
Dungeon (2/15)


Innate Abilities, Weirdness & Mutations

You are a hulking beast.
Your limbs bulge with bestial killing power. (Slay +1)
You have an increased reservoir of magic. (+10% MP)
You shall have no god before yourself.
Your divine heritage dramatically boosts your attributes as you level up.


Message History

You hit the rat.
The rat is severely wounded.
You hit the rat.
You kill the rat!
Found a chain mail.
You see here a +0 dagger of speed.
You closely miss the kobold. The kobold misses you.
You barely miss the kobold.
The kobold hits you with a +1 whip of distortion.
You are cast into the Abyss!
This branch contains the abyssal rune of Zot.
A small abomination comes into view.
You punch the small abomination!
The small abomination is moderately damaged.
The small abomination hits you!
You hit the small abomination but do no damage.
The small abomination is moderately damaged.
The small abomination misses you.
You barely miss the small abomination.
The small abomination is moderately damaged.
The small abomination barely misses you.
You barely miss the small abomination.
The small abomination is moderately damaged.
The small abomination hits you but does no damage.
You hit the small abomination.
The small abomination is moderately damaged.
The small abomination closely misses you.
The small abomination completely misses you.
You hit the small abomination but do no damage.
The small abomination is moderately damaged.
The small abomination hits you.
You punch the small abomination!
The small abomination is heavily damaged.
The small abomination hits you.
* * * LOW HITPOINT WARNING * * *
You barely miss the small abomination.
The small abomination is heavily damaged.
The small abomination hits you!!
Ouch! That really hurt!
You die...

# ## #.
.# .##
#. ..##
#.# .#.#
..#..#.#
#.....#
#.# #h#
#x# #..
#..#
##.# ..
.. ##.


You could see a small abomination.

Vanquished Creatures
  An adder (D:2)
  4 dart slugs
  2 endoplasms
  2 giant cockroaches
  3 goblins
  3 hobgoblins
  6 jackals (D:1)
  4 kobolds
  3 quokkas
  4 ball pythons
  8 bats
  3 frilled lizards
  6 rats
  A spectral hobgoblin (D:2)
50 creatures vanquished.

Notes
Turn   | Place    | Note
-------+----------+-------------------------------------------
     0 | D:1      | Heoruswealwe the Demigod Shapeshifter began the quest for
                  | the Orb.
     0 | D:1      | Reached XP level 1. HP: 15/15 MP: 3/3
    40 | D:1      | Reached skill level 1 in Fighting
   135 | D:1      | Reached XP level 2. HP: 23/23 MP: 4/4
   500 | D:1      | Reached XP level 3. HP: 28/28 MP: 5/5
  1263 | Abyss:1  | Cast into level 1 of the Abyss (kobold)
  1293 | Abyss:1  | Noticed a small abomination
  1302 | Abyss:1  | Mangled by a small abomination

Illustrated notes

Levels and vault maps discovered:
D:1:      nicolae_arrival_somewhat_less_tricky_arrival, layout_basic,
          nicolae_the_louvre
D:2:      minmay_evil_eye, layout_loops_ring,
          dreamdust_ecumenical_altar_drowned_temple, basic_altar
Abyss:1:  base:
D:2

Skill      XL: |  1  2 |
---------------+-------+-----
Fighting       | 1 |  1.8
Dodging        | 2 |  2.3
Unarmed Combat | 3 |  3.2
Shapeshifting  | 3 |  3.1

Action                     || total
---------------------------++-------
  Melee: Unarmed           ||   162
         Punch             ||     4
   Stab: Sleeping          ||     1
 Armour: Animal skin       ||    67
  Dodge: Dodged            ||   144
